3L
OAKLAND OAKS @ LONG ISLAND LIGHTHOUSE
05/13/2041
 
TOP OF THE 1ST
Oakland Oaks batting - Pitching for Long Island Lighthouse : RHP Greg Hodge
Pitching: RHP Greg Hodge
Batting: RHB Sebastian Franke 0-0: Ball
1-0: Ball
2-0: Called Strike
2-1: Foul Ball, location: 2F
2-2: Foul Ball, location: 2F
2-2: Foul Ball, location: 2F
2-2: Ground out 6-3 (Groundball, 6, EV 88.1 MPH)
Batting: LHB Conor Gotaas 0-0: Ball
1-0: Swinging Strike
1-1: Foul Ball, location: 2F
1-2: Ball
2-2: Strikes out swinging
Batting: RHB Cornelius Adkison 0-0: Foul Ball, location: 2F
0-1: Called Strike
0-2: Ball
1-2: Strikes out looking
Top of the 1st over - 0 runs, 0 hits, 0 errors, 0 left on base; Oakland 0 - Long Island 0
BOTTOM OF THE 1ST
Long Island Lighthouse batting - Pitching for Oakland Oaks : RHP Paco Garza
Pitching: RHP Paco Garza
Batting: RHB Eugene Bennett 0-0: Ground out 5-3 (Groundball, 56S, EV 85.0 MPH)
Batting: RHB Mark Toope 0-0: Ball
1-0: Ball
2-0: Ground out 1-3 (Groundball, 34S, EV 87.5 MPH)
Batting: RHB Jonas van Claveren 0-0: Foul Ball, location: 2F
0-1: Foul Ball, location: 2F
0-2: Ball
1-2: Fly out, F7 (Flyball, 7S, EV 95.6 MPH)
Bottom of the 1st over - 0 runs, 0 hits, 0 errors, 0 left on base; Oakland 0 - Long Island 0
TOP OF THE 2ND
Oakland Oaks batting - Pitching for Long Island Lighthouse : RHP Greg Hodge
Batting: LHB Gabriel Montoya 0-0: SINGLE (Groundball, 4D, EV 95.6 MPH)
Batting: SHB Cecil Nelson 0-0: Called Strike
Gabriel Montoya is caught stealing 2nd base 2-6
0-1: Ball
1-1: Called Strike
1-2: Strikes out looking
Batting: RHB Esteban Vázquez 0-0: Ball
1-0: Foul Ball, location: 2F
1-1: Ball
2-1: Swinging Strike
2-2: Foul Ball, location: 2F
2-2: Strikes out swinging
Top of the 2nd over - 0 runs, 1 hit, 0 errors, 0 left on base; Oakland 0 - Long Island 0
BOTTOM OF THE 2ND
Long Island Lighthouse batting - Pitching for Oakland Oaks : RHP Paco Garza
Batting: RHB Oliver Villalva 0-0: Called Strike
0-1: Ball
1-1: Swinging Strike
1-2: Ball
2-2: Ball
3-2: Fly out, F9 (Line Drive, 9, EV 100.0 MPH)
Batting: RHB Carlos Mendoza 0-0: Ground out 5-3 (Groundball, 5, EV 79.4 MPH)
Pitching: LHP Cory bin Nasir al Din
Batting: SHB Vicente Romero 0-0: Ball
1-0: Foul Ball, location: 2F
1-1: Swinging Strike
1-2: Foul Ball, location: 2F
1-2: Ball
2-2: Foul Ball, location: 2F
2-2: SINGLE (Flyball, 89S, EV 85.6 MPH)
Batting: RHB Nathan Pruitt 0-0: Ball
1-0: Ball
Pickoff Throw by Catcher to First - Out!
Bottom of the 2nd over - 0 runs, 1 hit, 0 errors, 0 left on base; Oakland 0 - Long Island 0
TOP OF THE 3RD
Oakland Oaks batting - Pitching for Long Island Lighthouse : RHP Greg Hodge
Batting: LHB Yu-zeng Si 0-0: Ball
1-0: Fly out, F2 (Popup, 25F, EV 82.5 MPH)
Batting: RHB Tony Hernández 0-0: Called Strike
0-1: Called Strike
0-2: Strikes out looking
Batting: RHB Keohi Iese 0-0: Swinging Strike
0-1: Ball
1-1: Ball
2-1: SINGLE (Line Drive, 4D, EV 98.1 MPH)
Batting: RHB Sebastian Franke 0-0: Called Strike
0-1: Ball
1-1: Ball
2-1: Fielders Choice at 2nd, 6-4 (Groundball, 6, EV 103.8 MPH)
Top of the 3rd over - 0 runs, 1 hit, 0 errors, 1 left on base; Oakland 0 - Long Island 0
BOTTOM OF THE 3RD
Long Island Lighthouse batting - Pitching for Oakland Oaks : LHP Cory bin Nasir al Din
Batting: RHB Nathan Pruitt 0-0: Ground out 1-3 (Groundball, P, EV 94.4 MPH)
Batting: LHB Daniel Joseph 0-0: Foul Ball, location: 2F
0-1: Called Strike
0-2: Ball
1-2: Foul Ball, location: 2F
1-2: Ball
2-2: Strikes out swinging
Batting: RHB Tim Gray 0-0: Ball
1-0: Ball
2-0: Ball
3-0: Called Strike
3-1: Ground out 6-3 (Groundball, 6, EV 89.4 MPH)
Bottom of the 3rd over - 0 runs, 0 hits, 0 errors, 0 left on base; Oakland 0 - Long Island 0
TOP OF THE 4TH
Oakland Oaks batting - Pitching for Long Island Lighthouse : RHP Greg Hodge
Batting: LHB Conor Gotaas 0-0: Foul Ball, location: 2F
0-1: Ball
1-1: Called Strike
1-2: Foul Ball, location: 2F
1-2: Strikes out swinging
Batting: RHB Cornelius Adkison 0-0: Ball
1-0: Foul Ball, location: 2F
1-1: Foul Ball, location: 2F
1-2: Ball
2-2: Ball
3-2: Strikes out looking
Batting: LHB Gabriel Montoya 0-0: Ball
1-0: Foul Ball, location: 2F
1-1: Foul Ball, location: 2F
1-2: Ball
2-2: Foul Ball, location: 2F
2-2: Ball
3-2: Foul Ball, location: 2F
3-2: SINGLE (Groundball, 6MD, EV 96.2 MPH)
Batting: SHB Cecil Nelson 0-0: Ball
Gabriel Montoya is caught stealing 2nd base 2-6
Top of the 4th over - 0 runs, 1 hit, 0 errors, 0 left on base; Oakland 0 - Long Island 0
BOTTOM OF THE 4TH
Long Island Lighthouse batting - Pitching for Oakland Oaks : LHP Cory bin Nasir al Din
Batting: RHB Eugene Bennett 0-0: Ball
1-0: Ball
2-0: Foul Ball, location: 2F
2-1: Ball
3-1: Base on Balls
Batting: RHB Mark Toope 0-0: Ball
1-0: Ball
2-0: Ball
3-0: Called Strike
3-1: Foul Ball, location: 2F
3-2: Grounds into double play, 5-4-3 (Groundball, 5, EV 106.2 MPH)
Batting: RHB Jonas van Claveren 0-0: Ball
1-0: Foul Ball, location: 2F
1-1: Called Strike
1-2: Ball
2-2: Ball
3-2: Hit by Pitch
Batting: RHB Oliver Villalva 0-0: Foul Ball, location: 2F
0-1: Ball
1-1: Ball
2-1: Ball
3-1: Base on Balls
Jonas van Claveren to second
Batting: RHB Carlos Mendoza 0-0: Ball
1-0: Fly out, F8 (Flyball, 8LD, EV 101.9 MPH)
Bottom of the 4th over - 0 runs, 0 hits, 0 errors, 2 left on base; Oakland 0 - Long Island 0
TOP OF THE 5TH
Oakland Oaks batting - Pitching for Long Island Lighthouse : RHP Greg Hodge
Batting: SHB Cecil Nelson 0-0: Called Strike
0-1: Ground out 5-3 (Groundball, 5L, EV 111.9 MPH)
Batting: RHB Esteban Vázquez 0-0: Ground out 3-1 (Groundball, 3S, EV 78.8 MPH)
Batting: LHB Yu-zeng Si 0-0: Called Strike
0-1: Ball
1-1: Ball
2-1: Foul Ball, location: 2F
2-2: Foul Ball, location: 2F
2-2: Strikes out swinging
Top of the 5th over - 0 runs, 0 hits, 0 errors, 0 left on base; Oakland 0 - Long Island 0
BOTTOM OF THE 5TH
Long Island Lighthouse batting - Pitching for Oakland Oaks : LHP Cory bin Nasir al Din
Batting: SHB Vicente Romero 0-0: Called Strike
0-1: Ground out 5-3 (Groundball, 5, EV 87.5 MPH)
Batting: RHB Nathan Pruitt 0-0: Ball
1-0: Fly out, F7 (Flyball, 78S, EV 83.8 MPH)
Batting: LHB Daniel Joseph 0-0: Ball
1-0: Called Strike
1-1: Ball
2-1: Ball
3-1: Foul Ball, location: 2F
3-2: Foul Ball, location: 2F
3-2: Base on Balls
Batting: RHB Tim Gray 0-0: Ball
1-0: Ground out 1-3 (Groundball, 23, EV 82.5 MPH)
Bottom of the 5th over - 0 runs, 0 hits, 0 errors, 1 left on base; Oakland 0 - Long Island 0
TOP OF THE 6TH
Oakland Oaks batting - Pitching for Long Island Lighthouse : RHP Greg Hodge
Batting: RHB Tony Hernández 0-0: Ball
1-0: Ball
2-0: Foul Ball, location: 2F
2-1: Ball
3-1: Ground out 5-3 (Groundball, 56, EV 80.6 MPH)
Batting: RHB Keohi Iese 0-0: Called Strike
0-1: Swinging Strike
0-2: Ball
1-2: Ball
2-2: Fly out, F8 (Flyball, 8RM, EV 92.5 MPH)
Batting: RHB Sebastian Franke 0-0: Ball
1-0: Fly out, F8 (Line Drive, 8RD, EV 103.8 MPH)
Top of the 6th over - 0 runs, 0 hits, 0 errors, 0 left on base; Oakland 0 - Long Island 0
BOTTOM OF THE 6TH
Long Island Lighthouse batting - Pitching for Oakland Oaks : LHP Cory bin Nasir al Din
Batting: RHB Eugene Bennett 0-0: Ball
1-0: Called Strike
1-1: Ball
2-1: SINGLE (Line Drive, 34, EV 96.2 MPH)
Batting: RHB Mark Toope 0-0: Ball
1-0: Swinging Strike
1-1: Fly out, F8 (Line Drive, 8RD, EV 91.2 MPH)
Batting: RHB Jonas van Claveren 0-0: Foul Ball, location: 2F
0-1: Ball
1-1: Ball
2-1: Foul Ball, location: 2F
2-2: Foul Ball, location: 2F
2-2: Ball
3-2: Grounds into double play, 4-6-3 (Groundball, 4, EV 88.1 MPH)
Bottom of the 6th over - 0 runs, 1 hit, 0 errors, 0 left on base; Oakland 0 - Long Island 0
TOP OF THE 7TH
Oakland Oaks batting - Pitching for Long Island Lighthouse : RHP Greg Hodge
Batting: LHB Conor Gotaas 0-0: Ball
1-0: Ground out 6-3 (Groundball, 6, EV 82.5 MPH)
Batting: RHB Cornelius Adkison 0-0: Ball
1-0: Ground out 4-3 (Groundball, 4M, EV 101.9 MPH)
Batting: LHB Gabriel Montoya 0-0: Foul Ball, location: 2F
0-1: Foul Ball, location: 2F
0-2: Strikes out swinging
Top of the 7th over - 0 runs, 0 hits, 0 errors, 0 left on base; Oakland 0 - Long Island 0
BOTTOM OF THE 7TH
Long Island Lighthouse batting - Pitching for Oakland Oaks : LHP Cory bin Nasir al Din
Batting: RHB Oliver Villalva 0-0: Ball
1-0: Foul Ball, location: 2F
1-1: Foul Ball, location: 2F
1-2: Strikes out swinging
Batting: RHB Carlos Mendoza 0-0: Ground out 1-3 (Groundball, 13S, EV 65.6 MPH)
Batting: SHB Vicente Romero 0-0: Foul Ball, location: 2F
0-1: Ground out 5-3 (Groundball, 5, EV 83.1 MPH)
Bottom of the 7th over - 0 runs, 0 hits, 0 errors, 0 left on base; Oakland 0 - Long Island 0
TOP OF THE 8TH
Oakland Oaks batting - Pitching for Long Island Lighthouse : RHP Greg Hodge
Batting: SHB Cecil Nelson 0-0: Fly out, F4 (Line Drive, 4, EV 67.5 MPH)
Batting: RHB Esteban Vázquez 0-0: Swinging Strike
0-1: Ball
1-1: Fly out, F3 (Popup, 3SF, EV 73.8 MPH)
Batting: LHB Yu-zeng Si 0-0: Ball
1-0: Ground out 4-3 (Groundball, 4, EV 87.5 MPH)
Top of the 8th over - 0 runs, 0 hits, 0 errors, 0 left on base; Oakland 0 - Long Island 0
BOTTOM OF THE 8TH
Long Island Lighthouse batting - Pitching for Oakland Oaks : LHP Cory bin Nasir al Din
Batting: RHB Nathan Pruitt 0-0: Called Strike
0-1: Ball
1-1: SINGLE (Groundball, 6D, EV 96.9 MPH)
Batting: LHB Daniel Joseph 0-0: Fly out, F7 (Line Drive, 7, EV 84.4 MPH)
Pitching: RHP Jan Koistinen
Batting: RHB Tim Gray 0-0: Ball
1-0: Foul Ball, location: 2F
1-1: Ball
2-1: Called Strike
2-2: Strikes out swinging
Batting: RHB Eugene Bennett 0-0: Fielders Choice at 2nd, 6-4 (Groundball, 6, EV 85.6 MPH)
Bottom of the 8th over - 0 runs, 1 hit, 0 errors, 1 left on base; Oakland 0 - Long Island 0
TOP OF THE 9TH
Oakland Oaks batting - Pitching for Long Island Lighthouse : RHP Greg Hodge
Pinch Hitting: LHB Norbert Ingalsbe 0-0: Called Strike
0-1: Swinging Strike
0-2: Ball
1-2: Strikes out swinging
Batting: RHB Keohi Iese 0-0: Ball
1-0: Called Strike
1-1: Called Strike
1-2: Fly out, F9 (Flyball, 89M, EV 92.5 MPH)
Batting: RHB Sebastian Franke 0-0: Called Strike
0-1: Fly out, F9 (Flyball, 9S, EV 85.0 MPH)
Top of the 9th over - 0 runs, 0 hits, 0 errors, 0 left on base; Oakland 0 - Long Island 0
BOTTOM OF THE 9TH
Long Island Lighthouse batting - Pitching for Oakland Oaks : RHP Jan Koistinen
Now at SS: Eugene Bowman
Batting: RHB Mark Toope 0-0: Called Strike
0-1: Fly out, F3 (Popup, 3SF, EV 80.0 MPH)
Batting: RHB Jonas van Claveren 0-0: Ball
1-0: Foul Ball, location: 2F
1-1: Ball
2-1: Foul Ball, location: 2F
2-2: Ball
3-2: TRIPLE (Line Drive, 89XD, EV 101.9 MPH)
Batting: RHB Oliver Villalva 0-0: Foul Ball, location: 2F
0-1: Ball
1-1: Ball
2-1: Foul Ball, location: 2F
2-2: Strikes out swinging
Batting: RHB Carlos Mendoza 0-0: Foul Ball, location: 2F
0-1: Ball
1-1: Foul Ball, location: 2F
1-2: Foul Ball, location: 2F
1-2: Ball
2-2: Strikes out swinging
Bottom of the 9th over - 0 runs, 1 hit, 0 errors, 1 left on base; Oakland 0 - Long Island 0
TOP OF THE 10TH
Oakland Oaks batting - Pitching for Long Island Lighthouse : RHP Greg Hodge
Pitching: LHP Onson Sweemey
Batting: LHB Conor Gotaas 0-0: Called Strike
0-1: Ball
1-1: Ball
2-1: Ground out U3 (Groundball, 3S, EV 90.0 MPH)
Batting: RHB Cornelius Adkison 0-0: Ball
1-0: Ball
2-0: Called Strike
2-1: Ground out 6-3 (Groundball, 56, EV 102.5 MPH)
Batting: LHB Gabriel Montoya 0-0: Ball
1-0: Ball
2-0: Ball
3-0: Base on Balls
Batting: SHB Cecil Nelson 0-0: Ball
1-0: Ball
2-0: Foul Ball, location: 2F
2-1: Foul Ball, location: 2F
2-2: Strikes out swinging
Top of the 10th over - 0 runs, 0 hits, 0 errors, 1 left on base; Oakland 0 - Long Island 0
BOTTOM OF THE 10TH
Long Island Lighthouse batting - Pitching for Oakland Oaks : RHP Jan Koistinen
Batting: SHB Vicente Romero 0-0: Swinging Strike
0-1: Ball
1-1: Ball
2-1: Foul Ball, location: 2F
2-2: Foul Ball, location: 2F
2-2: Ball
3-2: Foul Ball, location: 2F
3-2: Strikes out swinging
Pitching: LHP Manny Burgos
Batting: RHB Nathan Pruitt 0-0: Called Strike
0-1: Ball
1-1: Ball
2-1: Ball
3-1: Called Strike
3-2: Foul Ball, location: 2F
3-2: Foul Ball, location: 2F
3-2: Base on Balls
Batting: LHB Daniel Joseph 0-0: Ball
1-0: Swinging Strike
1-1: Foul Ball, location: 2F
1-2: Fly out, F7 (Flyball, 78S, EV 87.5 MPH)
Pinch Hitting: RHB Alberto Ramírez 0-0: Foul Ball, location: 2F
0-1: Foul Ball, location: 2F
0-2: Ball
1-2: Foul Ball, location: 2F
1-2: Foul Ball, location: 2F
1-2: Foul Ball, location: 2F
1-2: Foul Ball, location: 2F
1-2: Foul Ball, location: 2F
1-2: Foul Ball, location: 2F
1-2: SINGLE (Line Drive, 89S, EV 107.5 MPH)
Nathan Pruitt to second
Pitching: RHP Jesús Gonzáles
Batting: RHB Eugene Bennett 0-0: Swinging Strike
0-1: Foul Ball, location: 2F
0-2: Ball
1-2: Ball
2-2: Foul Ball, location: 2F
2-2: Foul Ball, location: 2F
2-2: Strikes out swinging, 2-3 out at first.
Bottom of the 10th over - 0 runs, 1 hit, 0 errors, 2 left on base; Oakland 0 - Long Island 0
TOP OF THE 11TH
Oakland Oaks batting - Pitching for Long Island Lighthouse : LHP Onson Sweemey
Now at C: Quan Easterling
Batting: RHB Esteban Vázquez 0-0: Swinging Strike
0-1: Ball
1-1: Foul Ball, location: 2F
1-2: Strikes out swinging
Batting: LHB Yu-zeng Si 0-0: Ball
1-0: Called Strike
1-1: Called Strike
1-2: Strikes out swinging
Batting: RHB Eugene Bowman 0-0: Ball
1-0: Foul Ball, location: 2F
1-1: Foul Ball, location: 2F
1-2: SOLO HOME RUN (Flyball, 7D, EV 106.2 MPH), Distance : 366 ft
Batting: RHB Keohi Iese 0-0: Foul Ball, location: 2F
0-1: SINGLE (Groundball, 56D, EV 96.2 MPH)
Batting: RHB Sebastian Franke 0-0: Called Strike
0-1: Foul Ball, location: 2F
0-2: Ball
1-2: Foul Ball, location: 2F
1-2: TRIPLE (Line Drive, 9LD, EV 108.8 MPH)
Keohi Iese scores
Batting: LHB Conor Gotaas 0-0: Foul Ball, location: 2F
0-1: Ball
1-1: Ball
2-1: Ball
3-1: Ground out 5-3 (Groundball, 56S, EV 83.1 MPH)
Top of the 11th over - 2 runs, 3 hits, 0 errors, 1 left on base; Oakland 2 - Long Island 0
BOTTOM OF THE 11TH
Long Island Lighthouse batting - Pitching for Oakland Oaks : RHP Jesús Gonzáles
Batting: RHB Mark Toope 0-0: SINGLE (Line Drive, 78M, EV 106.9 MPH)
Batting: RHB Jonas van Claveren 0-0: Ball
1-0: Ball
2-0: Called Strike
2-1: Fielders Choice at 2nd, 5-4 (Groundball, 56S, EV 81.9 MPH)
Batting: RHB Oliver Villalva 0-0: Swinging Strike
0-1: Called Strike
0-2: SINGLE (Line Drive, 89S, EV 104.4 MPH)
Jonas van Claveren to second
Batting: RHB Carlos Mendoza 0-0: Ball
1-0: Ball
2-0: Foul Ball, location: 2F
2-1: Ball
3-1: Fly out, F9 (Flyball, 89M, EV 88.8 MPH)
Runner from 2nd tags up, SAFE at 3rd with throw by RF
Batting: SHB Vicente Romero 0-0: Ball
1-0: Called Strike
1-1: Foul Ball, location: 2F
1-2: Strikes out swinging
Bottom of the 11th over - 0 runs, 2 hits, 0 errors, 2 left on base; Oakland 2 - Long Island 0
Tuesday, January 5th, 2021 - OOTP Baseball 20.8 Build 74